 Dungeon Crawl Stone Soup version 0.28.0-53-g5a82cb258f (webtiles) character file.

Game seed: 10141967229280289164

127 Sin92 the Skirmisher (level 4, -12/41 HPs)
             Began as a Minotaur Fighter on June 16, 2022.
             Killed from afar by Ijyb (14 damage)
             ... with a bolt of acid
             ... on level 3 of the Dungeon.
             The game lasted 00:01:55 (1769 turns).

Sin92 the Skirmisher (Minotaur Fighter)             Turns: 1769, Time: 00:01:55

Health: -12/41     AC:  6    Str: 22    XL:     4   Next: 85%
Magic:  3/3        EV: 12    Int:  8    God:
Gold:   54         SH:  4    Dex: 10    Spells: 3/3 levels left

rFire   . . .      SeeInvis .   a - +0 war axe
rCold   . . .      Faith    .   c - +0 buckler
rNeg    . . .      Spirit   .   i - +1 chain mail
rPois   .          Reflect  .   (helmet restricted)
rElec   .          Harm     .   (no cloak)
rCorr   .          Rampage  .   (no gloves)
Will    .....                   (no boots)
Stlth   ..........              (no amulet)
HPRegen 0.13/turn               u - ring "Myadowai" {EV+4 Int+3}
MPRegen 0.08/turn               (no ring)

@: corroded
A: horns 2, retaliatory headbutt
a: no special abilities


You were on level 3 of the Dungeon.
You visited 1 branch of the dungeon, and saw 3 of its levels.

You collected 54 gold pieces.

Inventory:

Hand Weapons
 a - a +0 war axe (weapon)
Missiles
 q - a throwing net (quivered)
Armour
 b - a +0 scale mail
 c - a +0 buckler (worn)
 i - a +1 chain mail (worn)
Jewellery
 u - the ring "Myadowai" (left hand) {EV+4 Int+3}
   (You found it on level 3 of the Dungeon)

   [ring of evasion]

   EV:        It affects your evasion (+4).
   Int:       It affects your intelligence (+3).
Scrolls
 f - a scroll of enchant weapon {unknown}
 l - a scroll of enchant armour
Potions
 d - a potion of might
 e - a potion of haste {unknown}
 h - a potion of attraction {unknown}
 k - 2 potions of heal wounds {unknown}
 n - 2 potions of berserk rage {unknown}
 o - a potion of degeneration {unknown}
 s - a potion of mutation {unknown}


   Skills:
 + Level 4.4 Fighting
 + Level 3.4 Axes
 + Level 4.4 Armour
 + Level 2.0 Dodging
 + Level 4.4 Shields


You had 3 spell levels left.
You didn't know any spells.
Your spell library was empty.

Dungeon Overview and Level Annotations

Branches:
Dungeon (3/15)

Altars:

Shops:
D:3 [

Annotations:
D:3 1 runed translucent door, Crazy Yiuf, Ijyb


Innate Abilities, Weirdness & Mutations

You have a pair of horns on your head.
You reflexively headbutt those who attack you in melee.


Message History

Ijyb the Twisted Goblin comes into view.
She is wielding a +0 club and carrying a wand of acid (7).
Ijyb shouts!
Unknown command.
Ijyb is nearby!
Unknown command.
Ijyb is nearby!
You slash Ijyb!
Ijyb is moderately wounded.
Ijyb barely misses you.
Ijyb zaps a wand.
The bolt of acid misses you.
Unknown command.
Ijyb is nearby!
You hit Ijyb. You headbutt Ijyb, but do no damage.
Ijyb is heavily wounded.
Ijyb grins evilly.
Ijyb closely misses you. You furiously retaliate!
You headbutt Ijyb.
Ijyb is nearby!
Unknown command.
You hit Ijyb but do no damage.
Ijyb is heavily wounded.
Ijyb zaps a wand.
The bolt of acid hits you!!
You barely miss Ijyb.
Ijyb is heavily wounded.
Ijyb hits you but does no damage.
Ijyb zaps a wand.
The bolt of acid hits you!!
* * * LOW HITPOINT WARNING * * *
The acid corrodes you!
Unknown command.
Ijyb is nearby!
Ijyb is nearby!
You are too injured to fight recklessly!
You are too injured to fight recklessly!
Ijyb is nearby!
Unknown command.
You are too injured to fight recklessly!
You hit Ijyb but do no damage. You headbutt Ijyb, but do no damage.
Ijyb is heavily wounded.
Ijyb hits you but does no damage.
You slash Ijyb! You headbutt Ijyb.
Ijyb is almost dead.
Ijyb zaps a wand.
The bolt of acid hits you!
You die...

#....≈.#.# #...#
#.≈≈≈≈.+.# #.###
#......#.# #.#
##......#.# #.#
#######.#.# #.#
##......#.###.####
≈#..........#....#
≈##........#####.#
≈≈#...........<#@#
≈≈####'#..###..#g#
#≈# #.#....#..#.#
#≈## #≈#..#.#..#.#
#≈≈# #≈#..#.####.#
#≈≈# #≈##...# #.#
#≈≈# #≈≈#>###**#.#
≈≈## #≈≈### *,..#
≈≈####≈≈# *,***


You could see Ijyb.

Vanquished Creatures
  An iguana (D:2)
  4 gnolls (D:2)
  An adder (D:3)
  2 worms (D:2)
  2 dart slugs (D:1)
  7 ball pythons
  3 bats
  An endoplasm (D:1)
  4 giant cockroaches
  4 goblins
  5 hobgoblins
  3 quokkas
  4 frilled lizards
  5 kobolds
  3 rats
49 creatures vanquished.

Notes
Turn   | Place    | Note
-------+----------+-------------------------------------------
     0 | D:1      | Sin92 the Minotaur Fighter began the quest for the Orb.
     0 | D:1      | Reached XP level 1. HP: 19/19 MP: 0/0
    80 | D:1      | Reached XP level 2. HP: 27/27 MP: 1/1
   302 | D:1      | Reached skill level 1 in Dodging
   365 | D:1      | Found a faded altar of an unknown god.
   628 | D:2      | Reached XP level 3. HP: 33/33 MP: 2/2
  1084 | D:2      | Reached XP level 4. HP: 40/40 MP: 3/3
  1470 | D:3      | Identified the ring "Myadowai" {EV+4 Int+3}
  1539 | D:3      | Found Hotah's Armour Shop.
  1702 | D:3      | Found a runed translucent door.
  1703 | D:3      | Noticed Crazy Yiuf
  1761 | D:3      | Noticed Ijyb
  1767 | D:3      | HP: 2/41 [Ijyb/bolt of acid (20)]
  1769 | D:3      | Killed from afar by Ijyb

Illustrated notes

Levels and vault maps discovered:
D:1:      lightli_arrival_statuegarden, layout_basic,
          ebering_ecumenical_altar_webs
D:2:      layout_basic, kennysheep_generic_room_2
D:3:      layout_basic, serial_rivers, chequers_serial_rivers_small_b,
          chequers_serial_rivers_micro_d, chequers_serial_rivers_large_b,
          chequers_serial_rivers_marsh, chequers_serial_rivers_marsh,
          serial_shops, shop_fountains, uniq_crazy_yiuf_cottage, uniq_ijyb

Skill      XL: |  1  2  3  4 |
---------------+-------------+-----
Dodging        | 1 2 |  2.0
Fighting       | 4 |  4.4
Armour         | 4 |  4.4
Shields        | 4 |  4.4
Axes           | 3 |  3.4

Action                   |  1- 3 |  4- 6 || total
-------------------------+-------+-------++-------
Melee: War axe           |    76 |    49 ||   125
       Headbutt          |    11 |     8 ||    19
  Use: Scroll            |       |     8 ||     8
Armor: Scale mail        |    19 |       ||    19
       Chain mail        |    21 |    31 ||    52
Dodge: Dodged            |    32 |    26 ||    58
Block: Buckler           |    22 |     3 ||    25
